 Dungeon Crawl Stone Soup version 0.31.0-1-g2c135a008e (webtiles) character file.

Game seed: 14446753535933224140

905 qw the Shooter (level 8, -3/58 HPs)
             Began as a Djinni Hunter on Jan 23, 2024.
             Slain by an ufetubus (4 damage)
             ... on level 4 of the Dungeon.
             The game lasted 00:00:14 (3508 turns).

qw the Shooter (Djinni Hunter)                      Turns: 3508, Time: 00:00:15

Health: -3/58      AC:  7    Str: 10    XL:     8   Next: 29%
Gold:   211        EV: 12    Int: 11    God:
                   SH:  0    Dex: 19

rFire   + + .        n - +0 orcbow
rCold   x . .        (shield currently unavailable)
rNeg    . . .        g - +0 ring mail
rPois   inf          (helmet restricted)
rElec   .            (no cloak)
rCorr   +            j - +1 pair of gloves
SInv    .            (boots unavailable)
Will    .....        (no amulet)
Stlth   +            l - ring of resist corrosion
HPRegen 0.29/turn    (no ring)
MPRegen 0.00/turn

%: infuse magic (-4 HP)
@: flying
A: sickness immunity, fire resistance 2, cold vulnerability 1, float, innate
caster, HP casting, extra vitality 1, antennae 1, wild magic 1, evolution 1
a: no special abilities


You were on level 4 of the Dungeon.
You visited 1 branch of the dungeon, and saw 5 of its levels.

You collected 211 gold pieces.


Innate Abilities, Weirdness & Mutations

You are immune to sickness and miasma.
You are immune to poison.
Your flesh is very heat resistant. (rF++)
You are vulnerable to cold. (rC-)
You float through the air rather than walking.
You learn spells naturally, not from books.
Your magical power is your life essence.
You have superior vitality. (+4 MHP)
You have a pair of small antennae on your head.
Your spells are a little harder to cast, but a little more powerful.
You have hidden genetic potential.


   Skills:
 - Level 4.0 Fighting
 + Level 6.6 Ranged Weapons
 - Level 2.6 Armour
 - Level 4.1 Dodging
 - Level 0.7 Stealth


You knew the following spells:

 Your Spells              Type           Power      Damage    Failure   Level
a - Apportation           Tloc           0%         N/A       73%         1
b - Mercury Vapours       Alch/Air       0%         N/A       85%         2
c - Call Canine Familiar  Summ           0%         N/A       97%         3
Your spell library was empty.

Inventory:

Hand Weapons
 n - a +0 orcbow (weapon)
Armour
 g - a +0 ring mail (worn)
 j - a +1 pair of gloves (worn)
Jewellery
 l - a ring of resist corrosion (left hand)
Wands
 i - a wand of paralysis (1)
Potions
 c - a potion of curing
 d - a potion of enlightenment
 f - 2 potions of might

Dungeon Overview and Level Annotations

Branches:
Dungeon (5/15)
 Temple: D:4-7

Altars:


Message History

The ufetubus barely misses you.
The ufetubus hits you but does no damage. x2
The ufetubus barely misses you.
You shoot an arrow.
The arrow hits the ufetubus but does no damage.
The ufetubus is severely wounded.
The ufetubus hits you but does no damage.
The ufetubus closely misses you.
The ufetubus hits you but does no damage.
The ufetubus misses you.
You shoot an arrow. The arrow closely misses the ufetubus.
The ufetubus hits you.
The ufetubus hits you but does no damage. x2
The ufetubus closely misses you.
You shoot an arrow. The arrow misses the ufetubus.
The ufetubus misses you.
The ufetubus hits you but does no damage. x3
You shoot an arrow.
The arrow hits the ufetubus but does no damage.
The ufetubus is severely wounded.
The ufetubus hits you. The ufetubus completely misses you.
The ufetubus barely misses you. The ufetubus completely misses you.
You shoot an arrow. The arrow misses the ufetubus.
The ufetubus hits you. x2; The ufetubus closely misses you.
The ufetubus hits you but does no damage.
You shoot an arrow. The arrow barely misses the ufetubus.
The ufetubus misses you.
The ufetubus hits you but does no damage.
The ufetubus hits you. The ufetubus misses you.
You shoot an arrow. The arrow closely misses the ufetubus.
The ufetubus hits you but does no damage.
The ufetubus misses you.
The ufetubus hits you but does no damage.
The ufetubus barely misses you.
You shoot an arrow. The arrow closely misses the ufetubus.
The ufetubus hits you but does no damage. x2
The ufetubus closely misses you. The ufetubus hits you.
You shoot an arrow. The arrow barely misses the ufetubus.
The ufetubus closely misses you. The ufetubus misses you.
The ufetubus hits you.
You die...

#.#.##.........# #.##.##.#####.
....######...### #.......# #.
..### ##.## ##...#### #. ..#
#...# ##.## #. ..# #...#######
#.# #. ..# ##)........# #.# ####.
..# ####.....####.# #.# #....
.#####....#.#..5)#.###.# ####....
.........##.##..@...##.# #....)..
..#..#.#..###...%#..#..###.##....
....##.##..##..###.>.......##....
.##..###[[###......##.###########
.##...#..##.##..#####.#
###..###..#.#...#####.#
###.##.##..........##.#
#....#.#......####.##.########
#.##.....####....[.##.......>####


You could see an ufetubus.

Vanquished Creatures
  Grinder (D:3)
  Eustachio (D:4)
  An ogre (D:4)
  2 phantoms (D:4)
  2 scorpions (D:4)
  A bombardier beetle (D:4)
  Terence (D:2)
  An iguana (D:5)
  6 adders
  2 ribbon worms (D:2)
  A dart slug (D:4)
  4 orcs (D:3)
  6 endoplasms
  2 giant cockroaches
  9 goblins
  8 hobgoblins
  6 kobolds
  3 quokkas
  8 ball pythons
  5 bats
  3 frilled lizards
  4 rats
77 creatures vanquished.

Notes
Turn   | Place    | Note
-------+----------+-------------------------------------------
     0 | D:1      | qw the Djinni Hunter began the quest for the Orb.
     0 | D:1      | Reached XP level 1. HP: 18/18 MP: 0/0
     0 | D:1      | 0 ||| qw: Version: 0.3-a-132-g3d54051
     0 | D:1      | 0 ||| qw: Game counter: 634
     0 | D:1      | 0 ||| qw: Melee chars always use a shield: true
     0 | D:1      | 0 ||| qw: God list: Okawaru
     0 | D:1      | 0 ||| qw: Allow faded altars: false
     0 | D:1      | 0 ||| qw: Do Orc after clearing Dungeon:15 true
     0 | D:1      | 0 ||| qw: Do second Lair branch before Depths: true
     0 | D:1      | 0 ||| qw: Lair rune preference: random
     0 | D:1      | 0 ||| qw: Goals: Normal
     0 | D:1      | 0 ||| PLANNING D:1-11
   152 | D:1      | Reached XP level 2. HP: 16/23 MP: 0/0
   247 | D:1      | Found a faded altar of an unknown god.
   497 | D:1      | Reached skill level 4 in Ranged Weapons
   497 | D:1      | Reached XP level 3. HP: 28/28 MP: 0/0
   497 | D:1      | Learned a level 1 spell: Apportation
   681 | D:1      | 681 ||| UPGRADING to +0 ring mail.
   691 | D:1      | 691 ||| DROPPING +0 leather armour.
   692 | D:1      | 692 ||| READING scroll labelled XOV MARPHESOMUEX.
   692 | D:1      | 692 ||| IDENTIFYING fuming golden potion
   693 | D:1      | 693 ||| DROPPING scroll of butterflies.
   745 | D:2      | Reached skill level 1 in Armour
   745 | D:2      | 745 ||| FLEEEEING.
   749 | D:2      | 749 ||| STAIRDANCE
   966 | D:2      | Reached XP level 4. HP: 34/34 MP: 0/0
   980 | D:2      | Reached skill level 3 in Fighting
  1214 | D:2      | Noticed Terence
  1225 | D:2      | Killed Terence
  1226 | D:2      | Reached XP level 5. HP: 15/40 MP: 0/0
  1226 | D:2      | Learned a level 2 spell: Mercury Vapours
  1228 | D:2      | 1228 ||| FLEEEEING.
  1721 | D:2      | 1721 ||| READING scroll labelled GYGOCA JAOL.
  1854 | D:3      | 1854 ||| FLEEEEING.
  1961 | D:3      | Noticed Grinder
  1962 | D:3      | 1962 ||| ZAPPING wand of paralysis (8) at 0,5 (Grinder;
                  | floor).
  1963 | D:3      | 1963 ||| ZAPPING wand of paralysis (7) at 0,5 (Grinder;
                  | floor).
  1964 | D:3      | 1964 ||| ZAPPING wand of paralysis (6) at 0,4 (Grinder;
                  | floor).
  1971 | D:3      | Paralysed by Grinder for 3 turns
  1974 | D:3      | 1974 ||| ZAPPING wand of paralysis (5) at 0,2 (Grinder;
                  | floor).
  1978 | D:3      | Killed Grinder
  1979 | D:3      | Reached skill level 5 in Ranged Weapons
  1979 | D:3      | Reached XP level 6. HP: 46/46 MP: 0/0
  2025 | D:3      | 2025 ||| FLEEEEING.
  2026 | D:3      | 2026 ||| FLEEEEING.
  2027 | D:3      | 2027 ||| FLEEEEING.
  2028 | D:3      | 2028 ||| FLEEEEING.
  2029 | D:3      | 2029 ||| FLEEEEING.
  2030 | D:3      | 2030 ||| FLEEEEING.
  2031 | D:3      | 2031 ||| FLEEEEING.
  2032 | D:3      | 2032 ||| FLEEEEING.
  2033 | D:3      | 2033 ||| STAIRDANCE
  2109 | D:2      | 2109 ||| READING scroll labelled XAZXUGI YBAPID.
  2440 | D:4      | Reached skill level 3 in Dodging
  2440 | D:4      | Reached XP level 7. HP: 16/50 MP: 0/0
  2440 | D:4      | Learned a level 3 spell: Call Canine Familiar
  2441 | D:4      | HP: 12/50 [goblin/+0 dagger (2)]
  2446 | D:4      | HP: 7/50 [burnt (2)]
  2447 | D:4      | 2447 ||| FLEEEEING.
  2621 | D:4      | 2621 ||| FLEEEEING.
  2977 | D:4      | 2977 ||| SWAPPING to +0 orcbow.
  2993 | D:4      | Reached skill level 6 in Ranged Weapons
  3102 | D:4      | 3102 ||| DROPPING +0 shortbow.
  3201 | D:4      | Noticed Eustachio
  3202 | D:4      | 3202 ||| ZAPPING wand of paralysis (4) at 5,-1 (Eustachio;
                  | floor).
  3203 | D:4      | 3203 ||| ZAPPING wand of paralysis (3) at 4,-1 (Eustachio;
                  | floor).
  3204 | D:4      | 3204 ||| ZAPPING wand of paralysis (2) at 4,-1 (Eustachio;
                  | floor).
  3211 | D:4      | Killed Eustachio
  3212 | D:4      | Reached XP level 8. HP: 58/58 MP: 0/0
  3229 | D:4      | 3229 ||| UPGRADING to +1 pair of gloves.
  3234 | D:4      | 3234 ||| UPGRADING to ring of resist corrosion.
  3235 | D:4      | 3235 ||| READING 2 scrolls of identify.
  3235 | D:4      | 3235 ||| IDENTIFYING fizzy silvery potion
  3236 | D:4      | 3236 ||| DRINKING potion of mutation.
  3236 | D:4      | Gained mutation: You have hidden genetic potential. [potion
                  | of mutation]
  3236 | D:4      | Gained mutation: Your spells are a little harder to cast,
                  | but a little more powerful. [potion of mutation]
  3236 | D:4      | Gained mutation: You have a pair of small antennae on your
                  | head. [potion of mutation]
  3237 | D:4      | 3237 ||| READING scroll of identify.
  3237 | D:4      | 3237 ||| IDENTIFYING red potion
  3238 | D:4      | 3238 ||| READING scroll labelled CARUDIE ODYPS.
  3239 | D:4      | 3239 ||| DRINKING 2 fuming purple potions.
  3240 | D:4      | 3240 ||| DRINKING 2 orange potions.
  3241 | D:4      | 3241 ||| DRINKING 3 ruby potions.
  3242 | D:4      | 3242 ||| DROPPING potion of ambrosia.
  3243 | D:4      | 3243 ||| DROPPING potion of degeneration.
  3268 | D:5      | Entered Level 5 of the Dungeon
  3276 | D:5      | 3276 ||| STAIRDANCE
  3278 | D:4      | 3278 ||| FLEEEEING.
  3320 | D:5      | 3320 ||| STAIRDANCE
  3327 | D:4      | 3327 ||| FLEEEEING.
  3480 | D:5      | 3480 ||| STAIRDANCE
  3498 | D:4      | HP: 13/58 [ufetubus (3)]
  3503 | D:4      | HP: 7/58 [ufetubus (3)]
  3505 | D:4      | HP: 3/58 [ufetubus (2)]
  3507 | D:4      | HP: 1/58 [ufetubus (3)]
  3508 | D:4      | Slain by an ufetubus

Levels and vault maps discovered:
D:1:      shiori_arrival_elements, layout_loops_ring,
          chequers_ecumenical_altar_simple_redux
D:2:      layout_basic, minmay_misc_feat_cross, minmay_misc_feat_columns,
          uniq_terence
D:3:      layout_rooms, grunt_ministairs_13, chequers_mini_garden, uniq_grinder
D:4:      layout_loops_cross, minmay_between, uniq_eustachio
D:5:      layout_gridville, vehumet_altar_wand_db,
          minmay_temple_entry_drinking_statues, guppyfry_shop_venom

Skill      XL: |  1  2  3  4  5  6  7  8 |
---------------+-------------------------+-----
Ranged Weapons | 4 5 6 |  6.6
Armour         | 1 2 |  2.6
Fighting       | 3 4 |  4.0
Dodging        | 3 4 |  4.1
Stealth        | |  0.7

Action                     |  1- 3 |  4- 6 |  7- 9 || total
---------------------------+-------+-------+-------++-------
   Fire: Shortbow          |    74 |   146 |    26 ||   246
         Orcbow            |       |       |    62 ||    62
  Evoke: Wand              |       |     4 |     3 ||     7
    Use: Scroll            |     1 |     2 |     3 ||     6
         Potion            |       |       |     4 ||     4
 Armour: Leather armour    |    12 |       |       ||    12
         Ring mail         |    14 |    75 |    95 ||   184
  Dodge: Dodged            |    25 |    75 |    92 ||   192

Table legend:
 A = Non-vault XP
 B = Vault XP
 C = Vault XP percentage of total XP
 D = Non-vault monster count
 E = Vault monster count
 F = Vault count percentage of total count
                 A         B        C        D         E       F
            +---------+---------+-------+---------+---------+-------
      Total |     597 |     696 |  53.8 |      65 |      12 |  15.6
            +---------+---------+-------+---------+---------+-------
        D:1 |      32 |       0 |   0.0 |      18 |       0 |   0.0
        D:2 |      98 |      36 |  26.9 |      27 |       1 |   3.6
        D:3 |      27 |     292 |  91.5 |       9 |       6 |  40.0
        D:4 |     404 |     368 |  47.7 |      10 |       5 |  33.3
        D:5 |      36 |       0 |   0.0 |       1 |       0 |   0.0
            +---------+---------+-------+---------+---------+-------
